 Seeded DCSS version 0.30.1 (webtiles) character file.

Game seed: 784279740803775113 (custom seed)

2578 McKennaii the Destroyer (level 9, -1/62 HPs)
             Began as a Demigod Conjurer on July 11, 2023.
             Slain by a wyvern (17 damage)
             ... on level 7 of the Dungeon.
             The game lasted 00:07:27 (7967 turns).

McKennaii the Destroyer (Demigod Conjurer)          Turns: 7967, Time: 00:07:27

Health: -1/62      AC:  5    Str:  8    XL:     9   Next: 10%
Magic:  2/24       EV: 12    Int: 32    God:
Gold:   256        SH:  0    Dex: 12    Spells: 13/23 levels left

rFire   . . .        i - +3 dagger
rCold   . . .        (no shield)
rNeg    . . .        a - +0 robe
rPois   .            A - +0 helmet
rElec   .            h - +0 cloak
rCorr   .            (no gloves)
SInv    .            d - +0 pair of boots
Will    .....        B - amulet of regeneration
Stlth   ++           E - ring of flight
HPRegen 1.10/turn    G - ring of wizardry
MPRegen 0.19/turn

%: wizardry (x1)
@: flying
A: high MP 1, forlorn, divine attributes
a: no special abilities


You were on level 7 of the Dungeon.
You visited 1 branch of the dungeon, and saw 7 of its levels.
You also visited: Sewer.

You collected 256 gold pieces.

Inventory:

Hand Weapons
 i - a +3 dagger (weapon)
Missiles
 y - 2 throwing nets
Armour
 a - a +0 robe (worn)
 d - a +0 pair of boots (worn)
 h - a +0 cloak (worn)
 A - a +0 helmet (worn)
Jewellery
 B - an amulet of regeneration (around neck)
 E - a ring of flight (left hand)
 G - a ring of wizardry (right hand)
Wands
 k - a wand of polymorph (4)
 l - a wand of roots (10)
Scrolls
 c - 3 scrolls of poison
 e - a scroll of immolation
 f - 2 scrolls of enchant armour
 j - 4 scrolls of blinking
 n - a scroll of torment
 o - a scroll of noise
 q - a scroll of silence
 v - 2 scrolls of amnesia
 w - 7 scrolls of teleportation
 x - a scroll of magic mapping
 C - 2 scrolls of acquirement
 D - a scroll of identify
Potions
 b - a potion of magic
 g - a potion of ambrosia
 m - 2 potions of mutation
 p - a potion of resistance {unknown}
 r - 2 potions of flight {unknown}
 s - 2 potions of brilliance {unknown}
 t - 2 potions of heal wounds
 u - a potion of lignification {unknown}
 z - 3 potions of attraction {unknown}
 F - 2 potions of haste


   Skills:
 - Level 1.7 Dodging
 - Level 1.7 Stealth
 + Level 7.8 Spellcasting
 + Level 9.1 Conjurations


You had 13 spell levels left.
You knew the following spells:

 Your Spells              Type           Power      Damage    Failure   Level
a - Magic Dart            Conj           100%       1d8       1%          1
b - Searing Ray           Conj           100%       2d8       1%          2
c - Iskenderun's Mystic   Conj/Tloc      41%        2d9       2%          4
d - Stone Arrow           Conj/Erth      82%        3d12      1%          3

Your spell library contained the following spells:

 Spells                   Type           Power      Damage    Failure   Level
 Sandblast                Erth           24%        2d8       1%          1
 Dazzling Flash           Conj/Hex       82%        N/A       1%          3
 Passwall                 Tmut/Erth      10%        N/A       2%          2
 Fulminant Prism          Conj/Hex       20%        3d12      2%          4


Dungeon Overview and Level Annotations

Branches:
Dungeon (7/15)             Temple (0/1) D:5           Sewer (visited)

Shops:
D:2 [


Innate Abilities, Weirdness & Mutations

You have an increased reservoir of magic. (+10% MP)
You shall have no god before yourself.
Your divine heritage dramatically boosts your attributes as you level up.


Message History

You hit the orc.
The orc is heavily wounded.
The orc hits you with a +0 mace.
You completely miss the orc.
The orc is heavily wounded.
The orc closely misses you.
You hit the orc.
The orc is severely wounded.
The orc hits you with a +0 mace.
You hit the orc.
You kill the orc!
You hit the wyvern.
The wyvern is lightly wounded.
The wyvern bites you! x2
Casting: Stone Arrow (safe; 1% risk of failure)
Confirm with . or Enter, or press ? or * to list all spells.
Aiming: Stone Arrow (safe; 1% risk of failure)
Press: ? - help, Shift-Dir - straight line, f - wyvern
Aim: a wyvern (lightly wounded, 76% to hit)
The stone arrow hits the wyvern!
The wyvern is severely wounded.
The wyvern bites you but does no damage.
Unknown command.
Unknown command.
You hit the wyvern but do no damage.
The wyvern is severely wounded.
The wyvern closely misses you. The wyvern bites you.
The wyvern attacks as you move away! The wyvern bites you!
The wyvern barely misses you. The wyvern attacks as you move away!
The wyvern completely misses you. The wyvern bites you!
* * * LOW HITPOINT WARNING * * *
Okay, then.
Aiming: Fastroot
Press: ? - help, Shift-Dir - straight line, p - wyvern The roots erupt in riotous growth!
Roots grab the wyvern.
The grasping roots constrict the wyvern.
The wyvern bites you!
You die...

#............ #......##...
#...#
#......###########...#
#......).........#...#
##.....#.........#...#
##+##.....##........+...#
##...###+####........#...#
...8......[##..l....##...#
.....#.....##...@...##...#
..O###...).†.........<...#
.###.....................#
##.......................#
###.....................#
###...................#
..#.....######'####...#
.8.......##.......##...#
...#...............'...#


You could see a wyvern (rooted).

Vanquished Creatures
  The ghost of peterlawrence the Cudgeller, a novice MiFi (D:6)
  A water moccasin (D:5)
  A sky beast (D:7)
  A black bear (D:6)
  2 ice beasts
  4 ogres
  3 phantoms
  A kobold brigand (Sewer)
  A gnoll sergeant (D:6)
  4 scorpions
  A howler monkey (D:6)
  2 orc priests
  3 iguanas
  Ijyb (D:3)
  7 orc wizards
  Robin (D:3)
  13 adders
  10 gnolls
  A river rat (Sewer)
  An ufetubus (D:5)
  3 worms
  A dart slug (D:1)
  11 orcs
  12 endoplasms
  5 giant cockroaches
  19 goblins
  9 hobgoblins
  7 jackals
  8 quokkas
  11 ball pythons
  3 bats
  3 frilled lizards
  13 kobolds
  6 rats
170 creatures vanquished.

Notes
Turn   | Place    | Note
-------+----------+-------------------------------------------
     0 | D:1      | McKennaii the Demigod Conjurer began the quest for the Orb.
     0 | D:1      | Reached XP level 1. HP: 14/14 MP: 5/5
   263 | D:1      | Reached XP level 2. HP: 20/20 MP: 3/7
   569 | D:1      | Reached skill level 4 in Conjurations
   997 | D:1      | Reached XP level 3. HP: 24/26 MP: 2/9
  1063 | D:1      | Learned a level 2 spell: Searing Ray
  1101 | D:2      | Found Pokeelur's Armour Boutique.
  1575 | D:2      | Reached XP level 4. HP: 26/33 MP: 3/11
  2263 | D:3      | Found a glowing drain.
  2282 | Sewer    | Entered a sewer
  2752 | Sewer    | Reached XP level 5. HP: 38/38 MP: 8/13
  2821 | Sewer    | HP: 1/38 [poisoned by a kobold brigand]
  2837 | Sewer    | Reached skill level 5 in Conjurations
  2957 | D:3      | Noticed Ijyb
  2964 | D:3      | Killed Ijyb
  3062 | D:3      | You fall into a shaft and drop 3 floors!
  3091 | D:6      | Reached XP level 6. HP: 45/45 MP: 7/15
  3359 | D:6      | Reached skill level 6 in Conjurations
  3420 | D:6      | Reached skill level 5 in Spellcasting
  3420 | D:6      | Reached XP level 7. HP: 49/50 MP: 5/17
  3425 | D:6      | Learned a level 4 spell: Iskenderun's Mystic Blast
  3429 | D:6      | Learned a level 3 spell: Stone Arrow
  3626 | D:5      | Entered Level 5 of the Dungeon
  3660 | D:5      | Found a staircase to the Ecumenical Temple.
  4062 | D:5      | Reached skill level 7 in Conjurations
  4445 | D:5      | Reached XP level 8. HP: 14/57 MP: 3/20
  5346 | D:3      | Noticed Robin
  5347 | D:3      | Killed Robin
  5598 | D:3      | Identified 2 scrolls of acquirement
  6277 | D:4      | Reached skill level 8 in Conjurations
  7381 | D:6      | Found a runed translucent gate.
  7381 | D:6      | Found a runed translucent gate.
  7381 | D:6      | Found a runed translucent gate.
  7383 | D:6      | Noticed peterlawrence's ghost (novice MiFi)
  7613 | D:6      | Killed peterlawrence's ghost
  7614 | D:6      | Reached XP level 9. HP: 61/62 MP: 7/24
  7822 | D:7      | Reached skill level 9 in Conjurations
  7967 | D:7      | Slain by a wyvern

Illustrated notes

Levels and vault maps discovered:
D:1:      psy_arrival_conway, layout_basic, hangedman_decor_points, st_stairs_6
D:2:      layout_basic, basic_altar, serial_shops, shop
D:3:      layout_basic, nicolae_vehumet_radiance, cheibrodos_sewer_entry_drain,
          uniq_robin, uniq_ijyb
D:4:      nicolae_BIG_FREAKIN_CUBE, layout_basic, trog_antimagical,
          serial_aquarium, aquarium_bridge_long_joined
          [aquarium_subvault_bridge, aquarium_subvault_window,
          aquarium_subvault_window, aquarium_subvault_bridge,
          aquarium_subvault_bridge, aquarium_subvault_wall], aquarium_window_1,
          aquarium_window_1, aquarium_view_2b, aquarium_pool_1
D:5:      layout_basic, mainiacjoe_overflow_alcove_4,
          gammafunk_temple_overflow_elements, minmay_temple_entry_slanted
D:6:      layout_cave_pools, grunt_temple_overflow_growth_and_decay,
          ebering_ghost_rock_garden, kennysheep_boxes
D:7:      layout_gridville, grunt_ministairs_13

Skill      XL: |  1  2  3  4  5  6  7  8  9 |
---------------+----------------------------+-----
Spellcasting   | 2 3 4 5 6 7 |  7.8
Conjurations   | 4 5 6 7 8 9 |  9.1
Dodging        | |  1.7
Stealth        | |  1.7

Action                     |  1- 3 |  4- 6 |  7- 9 || total
---------------------------+-------+-------+-------++-------
  Melee: Unarmed           |     5 |       |       ||     5
         Dagger            |       |    17 |    24 ||    41
         Punch             |       |       |     1 ||     1
   Cast: Magic Dart        |    84 |    91 |       ||   175
         Searing Ray       |       |    11 |     6 ||    17
         Stone Arrow       |       |       |   104 ||   104
         Iskenderun's Myst |       |       |     5 ||     5
  Evoke: Wand              |       |       |     1 ||     1
    Use: Scroll            |       |     5 |     7 ||    12
         Potion            |       |     4 |       ||     4
 Armour: Robe              |     7 |     4 |    21 ||    32
  Dodge: Dodged            |    10 |    20 |    52 ||    82
